 Dungeon Crawl Stone Soup version 0.25-a0-94-g9e23508adf (webtiles) character file.

Game seed: 13057622547013814281, levelgen mode: deterministic

9 D1HalberdGnoll the Poker (level 2, 0/23 HPs)
             Began as a Merfolk Skald on Nov 11, 2019.
             Slain by a hobgoblin
             ... wielding a +0 club
              (3 damage)
             ... on level 1 of the Dungeon.
             The game lasted 00:00:29 (190 turns).

D1HalberdGnoll the Poker (Merfolk Skald)             Turns: 190, Time: 00:00:29

Health: 0/23       AC:  3    Str: 11    XL:     2   Next: 16%
Magic:  0/5        EV: 12    Int: 12    God:
Gold:   15         SH:  0    Dex: 13    Spells: 4/5 levels left

rFire    . . .     SeeInvis .   a - +0 spear
rCold    . . .     Gourm    .   (no shield)
rNeg     . . .     Faith    .   b - +0 leather armour
rPois    .         Spirit   .   (no helmet)
rElec    .         Reflect  .   (no cloak)
rCorr    .         Harm     .   (no gloves)
MR       .....                  (no boots)
Stlth    +.........             (no amulet)
HPRegen  0.07/turn              (no ring)
MPRegen  0.09/turn              (no ring)

@: infused
A: change form in water, swift swim, stealthy swim
a: no special abilities


You were on level 1 of the Dungeon.
You were not hungry.

You visited 1 branch of the dungeon, and saw 1 of its levels.

You collected 15 gold pieces.

Inventory:

Hand Weapons
 a - a +0 spear (weapon)
Armour
 b - a +0 leather armour (worn)
Comestibles
 c - a chunk of flesh
 d - a ration


   Skills:
 + Level 2.4 Fighting
 * Level 3.6 Polearms
 - Level 0.6 Armour
 + Level 3.0 Dodging
 - Level 2.0 Spellcasting
 - Level 3.2 Charms


You had 4 spell levels left.
You knew the following spells:

 Your Spells              Type           Power        Failure   Level  Hunger
a - Infusion              Chrm           #...         10%         1    ##.....

Your spell library contained the following spells:

 Spells                   Type           Power        Failure   Level  Hunger
 Song of Slaying          Chrm           #.......     14%         2    ###....
 Shroud of Golubria       Chrm/Tloc      #.....       28%         2    ###....
 Regeneration             Chrm/Necr      #.........   50%         3    ####...
 Spectral Weapon          Hex/Chrm       #.......     50%         3    ####...


Dungeon Overview and Level Annotations

Branches:
Dungeon (1/15)

Altars:


Message History

You miss the bat.
The bat misses you. x2; The bat hits you.
* * * LOW HITPOINT WARNING * * *
Casting: Infusion (safe; 10% risk of failure)
Confirm with . or Enter, or press ? or * to list all spells.
You begin infusing your attacks with magical energy.
The bat barely misses you. The bat closely misses you.
The hobgoblin closely misses you.
You hit the hobgoblin.
The hobgoblin is heavily wounded.
The bat barely misses you. The hobgoblin misses you.
You hit the hobgoblin.
The hobgoblin is almost dead.
The hobgoblin hits you with a +0 club.
* * * LOW HITPOINT WARNING * * *
The hobgoblin hits you.
* * * LOW HITPOINT WARNING * * *
You hit the hobgoblin.
You kill the hobgoblin!
The bat completely misses you. The hobgoblin hits you with a +0 club.
You die...

#.##......##.... ###
..#.#......## . #<#
..>.......l# #.#
........l### ..## #.#
###........## #..#.. #.#
#....#..#g.#
..#.#######.###
...##...†...#
#.#.#.......... ..
####.##.#####.#.#######.###
. #.##.Kg@##.........#.#
#...#.#b##.#...### #.#
###...l....#...).###.#
##.....)..[###..##.###
#.........##...#8(8#.
###.....#.#....##.##.
#....[..#.....#.#..
#.......#.....#.#..
#......###.........


You could see a hobgoblin, a bat, a kobold and a frilled lizard.

Vanquished Creatures
  A dart slug (D:1)
  2 goblins (D:1)
  2 hobgoblins (D:1)
  A kobold (D:1)
  A rat (D:1)
7 creatures vanquished.

Notes
Turn   | Place    | Note
-------+----------+-------------------------------------------
     0 | D:1      | D1HalberdGnoll the Merfolk Skald began the quest for the
                  | Orb.
     0 | D:1      | Reached XP level 1. HP: 16/16 MP: 3/3
   111 | D:1      | Reached XP level 2. HP: 16/23 MP: 0/5
   190 | D:1      | Slain by a hobgoblin

Levels and vault maps discovered:
D:1:      lemuel_arrival_cross, layout_rooms

Skill      XL: |  1 |
---------------+----+-----
Dodging        | 3 |  3.0
Fighting       | |  2.4
Polearms       | |  3.6
Armour         | |  0.6
Spellcasting   | |  2.0
Charms         | |  3.2

Action                   || total
-------------------------++-------
Melee: Spear             ||    28
 Cast: Infusion          ||     5
Armor: Leather armour    ||     8
Dodge: Dodged            ||    31

Table legend:
 A = Non-vault XP
 B = Vault XP
 C = Vault XP percentage of total XP
 D = Non-vault monster count
 E = Vault monster count
 F = Vault count percentage of total count
                 A         B        C        D         E       F
            +---------+---------+-------+---------+---------+-------
      Total |      14 |       0 |   0.0 |       7 |       0 |   0.0
            +---------+---------+-------+---------+---------+-------
        D:1 |      14 |       0 |   0.0 |       7 |       0 |   0.0
            +---------+---------+-------+---------+---------+-------
